 Dungeon Crawl Stone Soup version 0.17.0-26-gececa24 (webtiles) character file.

25067 4thArraOfDagon the Covert (level 12, -1/66 HPs)
             Began as a Felid Transmuter on Nov 20, 2015.
             Was the Champion of Cheibriados.
             Slain by an orc warrior
             ... wielding a +0 glaive
              (31 damage)
             ... on level 4 of the Orcish Mines.
             The game lasted 00:46:18 (6432 turns).

4thArraOfDagon the Covert (Felid Transmuter)        Turns: 6432, Time: 00:46:19

Health: -1/66      AC: 10    Str: 21    XL:     12   Next: 86%
Magic:  16/19      EV: 26    Int: 34    God:    Cheibriados [******]
Gold:   1108       SH:  0    Dex: 34    Spells: 5 memorised, 2 levels left
                                        Lives:  0   Deaths: 3

rFire  x . .     SeeInvis +       - Unarmed
rCold  + + +     Clarity  .     (armour unavailable)
rNeg   . . .     SustAt   .     (shield unavailable)
rPois  +         Gourm    .     (helmet unavailable)
rElec  .         Spirit   .     (cloak unavailable)
rCorr  .         Warding  .     (gloves unavailable)
rMut   .         Stasis   .     (boots unavailable)
MR     +....                    H - amulet of regeneration
Stlth  +++++++...               O - +3 ring of protection
                                d - +3 ring of slaying

@: ice-form, very slow, somewhat resistant to hostile enchantments, extremely
stealthy
A: no armour, no weapons or thrown items, (antennae 0), (claws 0), (fangs 0),
see invisible, carnivore 3, clever 2, clumsy 1, (fire resistance 0), (speed 0),
(shaggy fur 0), slow metabolism 1, (sharp paws)
a: End Transformation, Bend Time, Temporal Distortion, Slouch, Step From Time,
Renounce Religion


You were on level 4 of the Orcish Mines.
You worshipped Cheibriados.
Cheibriados was exalted by your worship.
You were very full.
You were a creature of crystalline ice.
You visited 2 branches of the dungeon, and saw 19 of its levels.
You also visited: Ice Cave.

You collected 1108 gold pieces.

Inventory:

Missiles
 a - 22 arrows
Jewellery
 d - a +3 ring of slaying (left front paw)
 t - an uncursed ring of ice
 u - an uncursed amulet of warding
 z - an uncursed amulet of stasis
 H - an amulet of regeneration (around neck)
 O - a +3 ring of protection (right front paw)
Wands
 l - a wand of slowing (26)
 s - a wand of fireball (12)
 v - a wand of frost (28)
 w - a wand of disintegration (10)
 y - a wand of random effects (34)
 A - a wand of cold (9)
 E - a wand of digging (9)
 G - a wand of digging (5)
Scrolls
 e - 2 scrolls of fog {unknown}
 f - 2 scrolls of teleportation
 g - 2 scrolls of enchant armour {unknown}
 h - 8 scrolls of remove curse {unknown}
 n - a scroll of noise {unknown}
 o - 5 scrolls of recharging {unknown}
 p - a scroll of blinking {unknown}
 q - a scroll of amnesia
 r - a scroll of magic mapping
 F - a scroll of holy word {unknown}
 L - a scroll of brand weapon {unknown}
Potions
 i - 2 potions of haste
 B - 2 potions of heal wounds
 C - a potion of degeneration
 D - a potion of invisibility
 I - 4 potions of flight
 J - a potion of curing
 N - a potion of beneficial mutation
Books
 b - a book of Changes

   Spells                             Type                      Level
   a - Beastly Appendage              Transmutation                1
   b - Sticks to Snakes               Transmutation                2
   c - Spider Form                    Transmutation/Poison         3
   d - Ice Form                       Ice/Transmutation            4
   e - Blade Hands                    Transmutation                5
 m - a Necronomicon

   Spells                             Type                      Level
   a - Haunt                          Necromancy/Summoning         7
   b - Borgnjor's Revivification      Necromancy                   8
   c - Death's Door                   Charms/Necromancy            8
   d - Necromutation                  Transmutation/Necromancy     8
 M - a Grand Grimoire

   Spells                             Type                      Level
   a - Monstrous Menagerie            Summoning                    6
   b - Summon Greater Demon           Summoning                    7
   c - Malign Gateway                 Summoning/Translocation      7
   d - Summon Horrible Things         Summoning                    8
Comestibles
 c - 2 meat rations
 j - a beef jerky
 k - a royal jelly
 x - 6 slices of pizza


   Skills:
 - Level 8.0 Fighting
 + Level 13.4 Dodging
 + Level 14.9 Stealth
 * Level 11.9 Unarmed Combat
 - Level 3.0 Spellcasting
 - Level 6.5 Transmutations
 - Level 2.6 Ice Magic
 + Level 8.0 Invocations


You had 2 spell levels left.
You knew the following spells:

 Your Spells              Type           Power        Failure   Level  Hunger
a - Beastly Appendage     Trmt           #####.       1%          1    None
b - Spider Form           Trmt/Pois      ####......   4%          3    ##.....
c - Ice Form              Ice/Trmt       #####...     12%         4    ####...
d - Sticks to Snakes      Trmt           #####.....   1%          2    None
e - Blade Hands           Trmt           #####.....   12%         5    #####..


Dungeon Overview and Level Annotations

Branches:
Dungeon (15/15)            Temple (0/1) D:6             Orc (4/4) D:9
 Depths (0/5) D:15
   Lair: D:8-11         Elf: Orc:3-4     Vaults: D:13-14

Altars:
Ashenzari
Cheibriados
Elyvilon
Qazlal
Ru
Sif Muna
The Shining One
Beogh

Shops:
D:8 :

Annotations:
D:4 Duvessa
D:8 Erica, Erolcha, Psyche
D:15 exclusion: 2 ice statues


Innate Abilities, Weirdness & Mutations

You cannot wear armour.
You are incapable of wielding weapons or throwing items.
((You have sharp claws.))
((You have razor-sharp teeth.))
You have supernaturally acute eyesight.
You are carnivorous and can eat meat at any time.
((You cover ground quickly.))
((Your thick and shaggy fur keeps you warm (AC +3, rC+).))
You have a slow metabolism.
((Your sharp claws are effective at attacking unaware monsters.))
((You have a pair of small antennae on your head.))
Your mind is very acute. (Int +4)
You are clumsy. (Dex -2)
((Your flesh is heat resistant.))


Message History

The orc warrior is severely wounded.
Unknown command.
You pummel the orc warrior!! You freeze the orc warrior.
You kill the orc warrior!
Cheibriados appreciates the change of pace.
Unknown command.
You hit the orc warrior but do no damage.
The orc warrior is severely wounded.
The orc warrior completely misses you.
Unknown command.
You punch the orc warrior! You freeze the orc warrior.
You kill the orc warrior!
Cheibriados thoroughly appreciates the change of pace.
Unknown command.
Items here: ))) [[ ††† Unknown command.
Unknown command.
Unknown command.
The orc warrior hits you with a glaive!!
You die...

).. .. .))....# #)..#))
....). ##.#.## .))..#
###o#.### ##[Y)....## . #
#.)#...#..# ...#####
##.........## .#.#..##
#...#...#...# ......
##...........## #....
#....#...#....#
###...######.............#
..#....#..##....#...#....#
..........##.............#


You could see an orc warrior (frenzied).

Vanquished Creatures
  Maud (Orc:2)
  A frost giant (IceCv)
  Josephine (D:11)
  A catoblepas (D:14)
  A centaur warrior (D:12)
  3 orc high priests (Orc:4)
  5 orc knights (Orc:4)
  2 hill giants
  An unseen horror (D:11)
  A manticore (D:11)
  2 ugly things (D:11)
  An ice statue (IceCv)
  A kobold demonologist (D:11)
  5 centaur skeletons
  An efreet (D:13)
  A troll (D:13)
  19 polar bears (IceCv)
  2 two-headed ogres
  A trapdoor spider zombie (D:12)
  A trapdoor spider (D:10)
  A wyvern (D:11)
  4 wraiths (D:11)
  A deep elf mage (D:11)
  31 yaks
  A centaur simulacrum (D:15)
  2 hippogriffs
  8 wolves (IceCv)
  A hungry ghost (D:13)
  A soldier ant (D:14)
  3 phantoms
  An ice beast (D:9)
  4 sky beasts
  A black bear (D:8)
  A wasp (D:12)
  25 orc warriors
  9 centaurs
  5 big kobolds
  6 ogres
  6 giant frogs
  2 wyvern zombies (D:12)
  Dowan (D:4)
  2 scorpions
  10 killer bees
  2 wights (D:8)
  A spectral centaur (D:12)
  5 crimson imps
  3 centaur zombies
  2 giant frog zombies
  2 giant frog skeletons
  A jelly (D:12)
  Crazy Yiuf (D:7)
  27 orc priests
  6 hounds
  3 iguanas
  10 orc wizards
  4 worker ants
  2 sheep (D:12)
  A hound skeleton (D:6)
  The ghost of 4thArraOfDagon the Scratcher, a weakling FeTm of Cheibriados (D:4)
  A worker ant zombie (D:9)
  7 gnolls
  7 adders
  2 shadow imps
  An ooze (D:1)
  An adder skeleton (D:9)
  5 giant geckos
  78 orcs
  10 bats
  A giant cockroach (D:4)
  5 hobgoblins
  8 jackals
  13 kobolds
  6 quokkas
  A ball python (D:3)
  A ball python skeleton (D:4)
  A giant gecko zombie (D:5)
  7 giant newts
  5 goblins
  A jackal skeleton (D:8)
  3 rats
412 creatures vanquished.

Notes
Turn   | Place    | Note
--------------------------------------------------------------
     0 | D:1      | 4thArraOfDagon the Felid Transmuter began the quest for the Orb.
     0 | D:1      | Reached XP level 1. HP: 9/9 MP: 4/4
   177 | D:1      | Reached XP level 2. HP: 5/12 MP: 4/6
   305 | D:3      | Reached skill level 1 in Stealth
   305 | D:3      | Reached XP level 3. HP: 10/15 MP: 7/7
   470 | D:3      | Found a sacrificial altar of Ru.
   495 | D:3      | Reached XP level 4. HP: 8/19 MP: 6/8
   508 | D:3      | Learned a level 3 spell: Spider Form
   524 | D:3      | Found a snail-covered altar of Cheibriados.
   551 | D:3      | Became a worshipper of Cheibriados the Contemplative
   859 | D:3      | Reached XP level 5. HP: 22/22 MP: 2/9
   907 | D:3      | Reached * piety under Cheibriados
   917 | D:4      | Found a sacrificial altar of Ru.
   917 | D:4      | Found a shattered altar of Ashenzari.
   918 | D:4      | Found a stormy altar of Qazlal.
   918 | D:4      | Found a deep blue altar of Sif Muna.
   919 | D:4      | Found a white marble altar of Elyvilon.
   933 | D:4      | Noticed Duvessa
   933 | D:4      | Noticed Dowan
   956 | D:4      | Killed Dowan
   974 | D:3      | Gained mutation: Your mind is acute. (Int +2) [potion of beneficial mutation]
  1059 | D:4      | Reached skill level 4 in Dodging
  1059 | D:4      | Gained mutation: You are covered in thick fur (AC +2). [Felid growth]
  1059 | D:4      | Reached XP level 6. HP: 18/27 MP: 6/10
  1189 | D:4      | Noticed 4thArraOfDagon's ghost (weakling FeTm)
  1199 | D:4      | Killed 4thArraOfDagon's ghost
  1272 | D:4      | Found Pocuzil's Book Boutique.
  1338 | D:4      | Noticed an ogre
  1347 | D:4      | Killed an ogre
  1431 | D:5      | Entered Level 5 of the Dungeon
  1434 | D:5      | Reached XP level 7. HP: 29/31 MP: 12/12
  1644 | D:5      | Reached ** piety under Cheibriados
  1679 | D:6      | Reached skill level 5 in Transmutations
  1701 | D:6      | Found a staircase to the Ecumenical Temple.
  1783 | D:6      | Learned a level 4 spell: Ice Form
  1823 | D:6      | Learned a level 2 spell: Sticks to Snakes
  2188 | D:7      | Noticed Crazy Yiuf
  2195 | D:7      | Killed Crazy Yiuf
  2383 | D:7      | Reached skill level 5 in Unarmed Combat
  2390 | D:7      | Reached skill level 5 in Dodging
  2492 | D:7      | Reached skill level 1 in Invocations
  2492 | D:7      | Reached XP level 8. HP: 8/36 MP: 13/13
  2635 | D:8      | Noticed Psyche
  2712 | D:8      | Reached skill level 6 in Dodging
  2729 | D:8      | Noticed Erolcha
  2792 | D:10     | Entered Level 10 of the Dungeon
  2921 | D:9      | Reached skill level 7 in Dodging
  2935 | D:9      | Reached skill level 8 in Dodging
  2979 | D:9      | Reached *** piety under Cheibriados
  3065 | D:8      | Reached skill level 9 in Dodging
  3075 | D:8      | Noticed Erica
  3095 | D:8      | Found Goomosh's Book Boutique.
  3103 | D:8      | Reached skill level 10 in Dodging
  3112 | D:8      | Killed from afar by Erica
  3113 | D:8      | Reached XP level 7. HP: -2/31 MP: 9/12
  3183 | D:8      | Reached XP level 8. HP: 36/36 MP: 13/13
  3234 | D:8      | Reached **** piety under Cheibriados
  3309 | D:9      | Reached skill level 5 in Stealth
  3508 | D:10     | Found a glowing golden altar of the Shining One.
  3510 | D:10     | Noticed a troll
  3527 | D:10     | Mangled by a troll
  3528 | D:10     | Reached XP level 7. HP: -13/32 MP: 1/12
  3612 | D:10     | Noticed a two-headed ogre
  3619 | D:10     | Killed a two-headed ogre
  3619 | D:10     | Reached XP level 8. HP: 36/36 MP: 8/13
  3675 | D:10     | Noticed a centaur skeleton
  3691 | D:10     | Killed a centaur skeleton
  3793 | D:11     | Noticed a two-headed ogre
  3811 | D:11     | Reached ***** piety under Cheibriados
  3813 | D:11     | Noticed a green ugly thing
  3818 | D:11     | Killed a green ugly thing
  3818 | D:11     | Reached skill level 1 in Ice Magic
  3818 | D:11     | Reached XP level 9. HP: 33/39 MP: 12/14
  3819 | D:11     | Noticed Josephine
  3825 | D:11     | Killed a two-headed ogre
  3839 | D:11     | Gained mutation: You are clumsy. (Dex -2) [mutagenic meat]
  3841 | D:11     | Gained mutation: Your flesh is heat resistant. [mutagenic meat]
  3844 | D:11     | Noticed an unseen horror
  3860 | D:11     | Killed Josephine
  3918 | D:11     | Reached skill level 5 in Fighting
  3971 | D:12     | Noticed a centaur warrior
  3979 | D:12     | Killed a centaur warrior
  3979 | D:12     | Reached skill level 11 in Dodging
  3979 | D:12     | Reached XP level 10. HP: 34/44 MP: 6/15
  4006 | D:12     | Learned a level 5 spell: Blade Hands
  4133 | D:12     | Noticed a centaur skeleton
  4135 | D:12     | Noticed a centaur zombie
  4179 | D:12     | Killed a centaur skeleton
  4191 | D:12     | Killed a centaur zombie
  4255 | D:12     | Reached skill level 10 in Stealth
  4427 | D:13     | Reached skill level 5 in Invocations
  4434 | D:13     | Reached XP level 11. HP: 48/48 MP: 13/16
  4512 | D:14     | Found a roughly hewn altar of Beogh.
  4537 | D:15     | Entered Level 15 of the Dungeon
  4543 | D:15     | Reached ****** piety under Cheibriados
  4607 | D:15     | Found a frozen archway.
  4619 | IceCv    | Entered an ice cave
  4767 | IceCv    | Reached skill level 12 in Stealth
  4844 | IceCv    | Noticed a frost giant
  4896 | IceCv    | Slain by a frost giant
  4897 | IceCv    | Reached XP level 10. HP: -4/55 MP: 11/15
  4910 | IceCv    | Killed a frost giant
  4910 | IceCv    | Reached skill level 10 in Unarmed Combat
  4910 | IceCv    | Reached XP level 11. HP: 18/49 MP: 13/16
  5100 | D:15     | Gained mutation: You have a pair of small antennae on your head. [mutagenic meat]
  5103 | D:15     | Gained mutation: Your mind is very acute. (Int +4) [mutagenic meat]
  5165 | D:14     | Noticed a catoblepas
  5174 | D:14     | Killed a catoblepas
  5174 | D:14     | Reached skill level 13 in Stealth
  5180 | D:14     | Noticed a hill giant
  5183 | D:14     | Killed a hill giant
  5330 | D:12     | Noticed a centaur zombie
  5338 | D:12     | Killed a centaur zombie
  5447 | D:11     | Killed an unseen horror
  5467 | D:11     | Noticed a purple ugly thing
  5518 | D:11     | Killed a purple ugly thing
  5586 | D:11     | Noticed a hill giant
  5587 | D:11     | Noticed a manticore
  5592 | D:11     | Killed a manticore
  5592 | D:11     | Reached skill level 14 in Stealth
  5602 | D:11     | Gained mutation: Your thick and shaggy fur keeps you warm (AC +3, rC+). [Felid growth]
  5602 | D:11     | Reached XP level 12. HP: 55/55 MP: 14/18
  5606 | D:11     | Killed a hill giant
  5618 | D:11     | Noticed a cyclops
  5630 | D:11     | Noticed a kobold demonologist
  5636 | D:11     | Killed a kobold demonologist
  5793 | D:9      | Found a staircase to the Orcish Mines.
  5815 | Orc:1    | Entered Level 1 of the Orcish Mines
  5947 | Orc:2    | Noticed Maud
  5957 | Orc:2    | Killed Maud
  6001 | Orc:4    | Entered Level 4 of the Orcish Mines
  6432 | Orc:4    | Slain by an orc warrior

Action                   |  1- 3 |  4- 6 |  7- 9 | 10-12 || total
-------------------------+-------+-------+-------+-------++-------
Melee: Unarmed           |    51 |   121 |   304 |   535 ||  1011
 Cast: Beastly Appendage |    10 |     2 |     4 |     1 ||    17
       Spider Form       |       |    10 |    21 |       ||    31
       Ice Form          |       |       |     7 |    32 ||    39
       Sticks to Snakes  |       |       |       |     1 ||     1
       Blade Hands       |       |       |       |     2 ||     2
Invok: Temporal Distorti |       |       |       |     1 ||     1
       Slouch            |       |       |       |     5 ||     5
 Abil: End Transformatio |       |       |     4 |     7 ||    11
Evoke: Wand              |       |       |     1 |     2 ||     3
  Use: Scroll            |     2 |     2 |    11 |     6 ||    21
       Potion            |     1 |     2 |     4 |     3 ||    10
 Stab: Sleeping          |     7 |     7 |    11 |    24 ||    49
       Invisible         |     1 |       |       |       ||     1
       Distracted        |       |       |       |     3 ||     3
  Eat: Chunk             |     6 |     4 |    14 |    29 ||    53
